 Dungeon Crawl Stone Soup version 0.21-a0-519-gb765982 (webtiles) character file.

45 slep the Chopper (level 3, -4/29 HPs)
             Began as a Barachi Gladiator on Dec 5, 2017.
             Slain by an ogre
             ... wielding a +0 giant club
              (26 damage)
             ... on level 4 of the Dungeon.
             The game lasted 00:02:55 (814 turns).

slep the Chopper (Barachi Gladiator)                 Turns: 814, Time: 00:02:56

Health: -4/29      AC:  6    Str: 15    XL:     3   Next: 64%
Magic:  3/3        EV: 12    Int:  8    God:
Gold:   47         SH:  0    Dex: 14    Spells: 2/2 levels left

rFire    . . .     SeeInvis .   a - +0 war axe
rCold    . . .     Gourm    .   (no shield)
rNeg     . . .     Faith    .   m - +0 ring mail
rPois    .         Spirit   .   c - +0 helmet
rElec    .         Reflect  .   (no cloak)
rCorr    .         Harm     .   (no gloves)
MR       .....                  (no boots)
Stlth    +.........             (no amulet)
HPRegen  0.09/turn              (no ring)
MPRegen  0.08/turn              (no ring)

@: slow
A: +LOS, swims, slowness 1, strong legs 1
a: Hop


You were on level 4 of the Dungeon.
You were not hungry.

You visited 1 branch of the dungeon, and saw 3 of its levels.

You collected 47 gold pieces.

Inventory:

Hand Weapons
 a - a +0 war axe (weapon)
Missiles
 d - 3 throwing nets (quivered)
Armour
 b - a +0 leather armour
 c - a +0 helmet (worn)
 m - a +0 ring mail (worn)
Scrolls
 e - a scroll of teleportation {unknown}
 h - 2 scrolls of identify {unknown}
 i - a scroll of enchant weapon {unknown}
 j - a scroll of magic mapping {unknown}
Potions
 k - a potion of degeneration {unknown}
 l - a potion of lignification {unknown}
 n - a potion of cancellation {unknown}
Comestibles
 f - 2 bread rations
 g - 2 royal jellies


   Skills:
 + Level 3.1 Fighting
 + Level 4.2 Axes
 + Level 2.0 Throwing
 + Level 0.4 Armour
 + Level 3.7 Dodging


You had 2 spell levels left.
You didn't know any spells.

Dungeon Overview and Level Annotations

Branches:
Dungeon (2/15)

Altars:
The Shining One


Innate Abilities, Weirdness & Mutations

Shadows flee at your approach. (+LOS)
You can swim through water.
You cover ground slowly.
You can hop short distances.


Message History

You open the door.
Found a leather armour.
There is an open door here.
You open the door.
There is an open door here.
You now have 47 gold pieces (gained 17).
You fall through a shaft for 2 floors!
The shaft crumbles and collapses.
A worm comes into view.
Found 4 fruits.
An ogre comes into view. It is wielding a giant club.
The ogre shouts!
The worm bites you!
You slash the worm!
The worm is heavily wounded.
The worm misses you.
A worker ant comes into view.
The ogre hits you with a giant club!!
Ouch! That really hurt!
You die...

####+### ...%...#
.......# ........
#############........
#........@Ow...a.....
#.#############.#.##.
#.# #.# #.# #.# #.#
#.# #.#


You could see an ogre, a worm and a worker ant.

Vanquished Creatures
  An ooze (D:1)
  2 dart slugs (D:1)
  2 leopard geckos
  7 goblins
  5 hobgoblins (D:1)
  2 bats (D:1)
  4 frilled lizards
  6 kobolds
  5 rats (D:1)
34 creatures vanquished.

Notes
Turn   | Place    | Note
-------+----------+-------------------------------------------
     0 | D:1      | slep the Barachi Gladiator began the quest for the Orb.
     0 | D:1      | Reached XP level 1. HP: 17/17 MP: 1/1
    96 | D:1      | Reached XP level 2. HP: 18/23 MP: 2/2
   217 | D:1      | Found a glowing golden altar of the Shining One.
   242 | D:1      | Reached XP level 3. HP: 21/29 MP: 3/3
   274 | D:1      | Reached skill level 4 in Axes
   799 | D:2      | You fall through a shaft for 2 floors!
   810 | D:4      | Noticed an ogre
   814 | D:4      | Slain by an ogre

Vault maps used:
D:1:      kilobyte_arrival_exit_the_forest, tso_metal_star
D:4:      xom_teletrap_fun, grunt_temple_overflow_open, first_bread,
          trog_wizard, uniq_edmund, uniq_crazy_yiuf_cottage

Skill      XL: |  1  2  3 |
---------------+----------+-----
Fighting       | 3 |  3.1
Axes           | 4 |  4.2
Throwing       | |  2.0
Armour         | |  0.4
Dodging        | |  3.7

Action                   || total
-------------------------++-------
Melee: War axe           ||    83
Armor: Leather armour    ||    18
       Ring mail         ||     2
Dodge: Dodged            ||    88

Table legend:
 A = Spawn XP
 B = Non-spawn XP
 C = Spawn XP percentage of total XP
 D = Spawn monster count
 E = Non-spawn monster count
 F = Spawn count percentage of total count
 G = Total turns spent on level
                    A         B        C        D         E        F      G
               +---------+---------+-------+---------+---------+-------+---------
         Total |       0 |      65 |   0.0 |       0 |      34 |   0.0 |   814
               +---------+---------+-------+---------+---------+-------+---------
           D:1 |       0 |      58 |   0.0 |       0 |      30 |   0.0 |   526
           D:2 |       0 |       7 |   0.0 |       0 |       4 |   0.0 |   273
               +---------+---------+-------+---------+---------+-------+---------
